 Dungeon Crawl Stone Soup version 0.29-a0-330-g52719c12eb (webtiles) character file.

Game seed: 9824004063963365086

240 esteth the Insei (level 6, -5/42 HPs)
             Began as an Octopode Transmuter on May 10, 2022.
             Slain by Eustachio
             ... wielding a +0 rapier
              (13 damage)
             ... on level 4 of the Dungeon.
             The game lasted 00:04:06 (3555 turns).

esteth the Insei (Octopode Transmuter)              Turns: 3555, Time: 00:04:06

Health: -5/42      AC:  1    Str:  9    XL:     6   Next: 8%
Magic:  9/9        EV: 13    Int: 17    God:
Gold:   296        SH:  0    Dex: 13    Spells: 8/9 levels left

rFire   . . .      SeeInvis .     - Unarmed
rCold   . . .      Faith    .   (no shield)
rNeg    . . .      Spirit   .   (helmet restricted)
rPois   .          Reflect  .   g - amulet of regeneration
rElec   .          Harm     .   (no ring)
rCorr   .          Rampage  .   (no ring)
Will    .....                   (no ring)
Stlth   ++++......              (no ring)
HPRegen 0.94/turn               (no ring)
MPRegen 0.11/turn               (no ring)
                                (no ring)
                                (no ring)

@: no status effects
A: almost no armour, amphibious, 8 rings, camouflage 1, gelatinous body 1,
(nimble swimmer 1), tentacles
a: no special abilities


You were on level 4 of the Dungeon.
You visited 1 branch of the dungeon, and saw 4 of its levels.

You collected 296 gold pieces.


Innate Abilities, Weirdness & Mutations

You cannot wear most types of armour.
You are amphibious.
You can wear up to eight rings at the same time.
Your skin changes colour to match your surroundings (Stealth+).
Your rubbery body absorbs attacks. (AC +1, EV +1)
((You are camouflaged when in or above water. (Stealth+)))
You have tentacles for arms and can constrict up to eight enemies at once.


   Skills:
 + Level 3.4 Fighting
 - Level 2.0 Dodging
 + Level 4.2 Stealth
 + Level 4.5 Unarmed Combat
 - Level 2.0 Spellcasting
 - Level 2.0 Transmutations


You had 8 spell levels left.
You knew the following spells:

 Your Spells              Type           Power      Damage    Failure   Level
b - Beastly Appendage     Tmut           16%        N/A       9%          1

Your spell library contained the following spells:

 Spells                   Type           Power      Damage    Failure   Level
 Wereblood                Tmut           8%         N/A       13%         2
 Spider Form              Tmut/Pois      5%         N/A       36%         3
 Ice Form                 Ice/Tmut       5%         N/A       77%         4

Inventory:

Missiles
 a - 3 silver boomerangs
 f - 4 atropa-tipped darts
 k - 2 poisoned darts
 o - 96 stones
Magical Staves
 l - a staff of poison {!a}
   (You found it on level 3 of the Dungeon)
Jewellery
 g - an amulet of regeneration (around mantle)
   (You found it on level 4 of the Dungeon)
 i - an amulet of magic regeneration
   (You found it on level 2 of the Dungeon)
Scrolls
 b - a scroll of enchant armour {unknown}
 h - 9 scrolls of identify {unknown}
 j - a scroll of immolation {unknown}
 m - a scroll of enchant weapon {unknown}
Potions
 c - 2 potions of mutation {unknown}
 d - 2 potions of curing {unknown}
 e - a potion of attraction {unknown}
 n - a potion of lignification {!q}
 p - a potion of degeneration {unknown}

Dungeon Overview and Level Annotations

Branches:
Dungeon (4/15)
 Temple: D:4-7

Altars:
Elyvilon

Annotations:
D:4 1 runed translucent door, Eustachio; psychodelta's ghost, amateur GnIE

## .# .## # ..# ..#
#.###..# #......#
##.##.## ########
....#.# #.brb@.#
###.#.#######..#@#.#
#.#.##.......#.#.#
#...##.....).#.#.##
##..##.).....#.#5ยง#
#..##......##.##5##
..
##>........#...#.o#


โ‰ˆW #.######..#._.#.o# .. #...# ##.#...#..# ## ###.# ..##.##..# You could see
Eustachio, a quokka (summoned) and 2 bats.


Message History

๐Ÿ˜• HP[-3]
You take 3 damage, and now have 33/42 hp.
You closely miss the ufetubus. Your grab misses the ufetubus.
Your squeeze misses the ufetubus. The ufetubus hits you.
The ufetubus completely misses you. ๐Ÿ˜ฎ HP[-4]
You take 4 damage, and now have 29/42 hp.
You closely miss the ufetubus. Your grab misses the ufetubus.
The ufetubus disappears in a puff of smoke! ๐Ÿ˜ฎ HP[+1]
You miss the quasit. Your grab misses the quasit.
Your tentacle-slap misses the quasit.
The quasit disappears in a puff of smoke! ๐Ÿ˜ฎ HP[+1]
The shadow imp barely misses you.
There is an open door here. ๐Ÿ˜• HP[+1]
A quokka comes into view. ๐Ÿ˜• HP[+1]
You tentacle-slap the shadow imp but do no damage.
You grab the shadow imp. Your squeeze misses the shadow imp.
You constrict the shadow imp, but do no damage.
The shadow imp closely misses you. ๐Ÿ˜• HP[+1]
You tentacle-slap the shadow imp. You squeeze the shadow imp.
You constrict the shadow imp, but do no damage.
The shadow imp hits you.
You tentacle-slap the shadow imp. You squeeze the shadow imp.
You kill the shadow imp!
The shadow imp disappears in a puff of smoke!
You tentacle-slap the quokka. You grab the quokka. You constrict the quokka.
You kill the quokka! ๐Ÿ˜• HP[+1]
The orc hits you with a +2 short sword of venom.
You are poisoned.
Eustachio hits you with a +0 rapier.
There is an open door, spattered with blood here. ๐Ÿ˜ฎ HP[-6]
You take 6 damage, and now have 29/42 hp.
You feel sick. ๐Ÿ˜ฎ HP[-1]
You take 1 damage, and now have 28/42 hp.
You barely miss the orc. You grab the orc. You constrict the orc.
You feel sick. The orc misses you.
You tentacle-slap the orc. You squeeze the orc.
You kill the orc!
You feel sick.
You bludgeon the orc!
You kill the orc!
You feel sick.
Eustachio mumbles some strange words.
Eustachio blinks!
You start resting.
You feel sick. x3
You are no longer poisoned.
Eustachio is nearby!
Eustachio hits you with a +0 rapier!
* * * LOW HITPOINT WARNING * * *
There is an open door, spattered with blood here.
Things that are here:
a +0 short sword; a +2 short sword of venom; an orc corpse ๐Ÿ˜จ HP[-10]
You take 10 damage, and now have 18/42 hp.
MASSIVE DAMAGE!! (PAUSE)
You miss Eustachio. Your grab misses Eustachio.
Eustachio misses you. ๐Ÿ˜จ HP[+1]
You closely miss Eustachio. You grab Eustachio. You squeeze Eustachio.
You constrict Eustachio.
Eustachio gestures wildly while chanting.
You barely miss Eustachio. You constrict Eustachio.
Eustachio casts a spell.
Eustachio blinks free! ๐Ÿ˜จ HP[+1]
You barely miss the bat. Your grab misses the bat. The bat misses you.
The bat hits you.
* * * LOW HITPOINT WARNING * * *
You tentacle-slap Eustachio. You grab Eustachio.
You constrict Eustachio, but do no damage.
The bat hits you.
* * * LOW HITPOINT WARNING * * *
The bat barely misses you. Eustachio barely misses you.
The quokka closely misses you.
You tentacle-slap Eustachio.
You squeeze Eustachio, but do no damage.
You constrict Eustachio. The bat closely misses you. The bat hits you.
* * * LOW HITPOINT WARNING * * *
The quokka bites you.
* * * LOW HITPOINT WARNING * * *
Eustachio hits you with a +0 rapier.
* * * LOW HITPOINT WARNING * * *
๐Ÿ˜จ HP[-7]
You take 7 damage, and now have 13/42 hp.
You tentacle-slap Eustachio. You squeeze Eustachio. You constrict Eustachio.
The bat hits you.
* * * LOW HITPOINT WARNING * * *
The bat hits you.
* * * LOW HITPOINT WARNING * * *
The quokka bites you.
* * * LOW HITPOINT WARNING * * *
Eustachio hits you with a +0 rapier!
You die...

Skill      XL: |  1  2  3  4  5 |
---------------+----------------+-----
Fighting       | 2 3 |  3.4
Stealth        | 1 2 3 4 |  4.2
Unarmed Combat | 4 |  4.5
Dodging        | |  2.0
Spellcasting   | |  2.0
Transmutations | |  2.0

Action                   |  1- 3 |  4- 6 || total
-------------------------+-------+-------++-------
Melee: Unarmed           |    86 |   112 ||   198
       Constrict         |    25 |    30 ||    55
       Tentacles         |    13 |    31 ||    44
       Punch             |     3 |     5 ||     8
  Use: Potion            |       |     1 ||     1
 Stab: Sleeping          |    11 |     8 ||    19
       Distracted        |       |     1 ||     1
Armor: Skin              |     6 |     8 ||    14
Dodge: Dodged            |    63 |    78 ||   141

Levels and vault maps discovered:
D:1:      dpeg_arrival_line_fractal, layout_basic
D:2:      layout_loops_ring, basic_ecumenical_altar
D:3:      cheibrodos_greedy_goblins, layout_loops_ring, serial_glass,
          glass_columns_a, glass_columns_b, glass_columns_a, glass_columns_b,
          glass_columns_b, glass_columns_a, due_unseen_surprise,
          feat_on_display, item_on_display_a
D:4:      layout_basic, overflow_temple_1_default,
          mainiacjoe_overflow_surrounded_room, ebering_ghost_reflecting_pool,
          uniq_eustachio

Notes
Turn   | Place    | Note
-------+----------+-------------------------------------------
     0 | D:1      | esteth the Octopode Transmuter began the quest for the Orb.
     0 | D:1      | Reached XP level 1. HP: 13/13 MP: 3/3
     0 | D:1      | magus.rc [v1.11.3]
   211 | D:1      | Reached XP level 2. HP: 18/18 MP: 5/5
  1015 | D:2      | Reached skill level 2 in Fighting
  1015 | D:2      | Reached skill level 1 in Stealth
  1015 | D:2      | Reached XP level 3. HP: 20/24 MP: 6/6
  1423 | D:2      | Reached skill level 2 in Stealth
  1707 | D:2      | Reached XP level 4. HP: 23/30 MP: 7/7
  1780 | D:2      | Found a faded altar of an unknown god.
  2331 | D:3      | HP: 7/30 [orc/+0 mace (3)]
  2936 | D:3      | Reached skill level 4 in Unarmed Combat
  3058 | D:4      | Reached skill level 3 in Stealth
  3058 | D:4      | Reached XP level 5. HP: 14/36 MP: 8/8
  3279 | D:4      | Reached skill level 3 in Fighting
  3385 | D:4      | Reached skill level 4 in Stealth
  3388 | D:4      | Reached XP level 6. HP: 23/42 MP: 9/9
  3453 | D:4      | Found a runed translucent door.
  3454 | D:4      | Noticed psychodelta's ghost (amateur GnIE)
  3484 | D:4      | Noticed a black bear
  3500 | D:4      | Found a white marble altar of Elyvilon.
  3517 | D:4      | Noticed Eustachio
  3555 | D:4      | HP: 8/42 [quokka[Eustachio] (4)]
  3555 | D:4      | Slain by Eustachio

Vanquished Creatures
  A necrophage (D:4)
  A jelly (D:4)
  A hound (D:4)
  3 adders
  2 worms
  4 dart slugs
  7 orcs
  3 endoplasms
  4 giant cockroaches
  9 goblins
  8 hobgoblins
  4 jackals (D:2)
  4 quokkas
  3 ball pythons
  5 bats
  A frilled lizard (D:2)
  6 kobolds
  5 rats
71 creatures vanquished.

Table legend:
 A = Non-vault XP
 B = Vault XP
 C = Vault XP percentage of total XP
 D = Non-vault monster count
 E = Vault monster count
 F = Vault count percentage of total count
                 A         B        C        D         E       F
            +---------+---------+-------+---------+---------+-------
      Total |     328 |      15 |   4.4 |      63 |       8 |  11.3
            +---------+---------+-------+---------+---------+-------
        D:1 |      28 |       0 |   0.0 |      14 |       0 |   0.0
        D:2 |      60 |       0 |   0.0 |      19 |       0 |   0.0
        D:3 |      39 |      15 |  27.8 |      17 |       8 |  32.0
        D:4 |     201 |       0 |   0.0 |      13 |       0 |   0.0
            +---------+---------+-------+---------+---------+-------

Illustrated notes

Table legend:
 A = Kills in this place as a percentage of kills in entire the game.
 B = Kills by you in this place as a percentage of kills by you in the entire game.
 C = Kills by friends in this place as a percentage of kills by friends in the entire game.
 D = Other kills in this place as a percentage of other kills in the entire game.
 E = Experience gained in this place as a percentage of experience gained in the entire game.
 F = Experience gained in this place divided by the number of levels of this place that you have seen.
                   A       B       C       D       E      F
               +-------+-------+-------+-------+-------+----------------------
         Total | 100.0 | 100.0 |   N/A |   N/A | 100.0 |  85.8
       Dungeon | 100.0 | 100.0 |   N/A |   N/A | 100.0 |  85.8
               +-------+-------+-------+-------+-------+----------------------

Table legend: (Time is in decaauts)
 A = Elapsed time spent in this place.
 B = Non-inter-level travel time spent in this place.
 C = Inter-level travel time spent in this place.
 D = Time resting spent in this place.
 E = Time spent auto-exploring this place.
 F = Levels seen in this place.
 G = Mean time per level.
                   A        B        C        D        E       F      G
               +--------+--------+--------+--------+--------+-----+--------+
         Total |   3540 |   3486 |     54 |    402 |   2567 |   4 |  885.0 |
       Dungeon |   3540 |   3486 |     54 |    402 |   2567 |   4 |  885.0 |
               +--------+--------+--------+--------+--------+-----+--------+

Top non-repeatable levels by time:
     D:3: 1088 daAuts
     D:1: 999 daAuts
     D:2: 947 daAuts
     D:4: 505 daAuts
